 Dungeon Crawl Stone Soup version 0.30.2 (webtiles) character file.

Game seed: 1323939886623765020

65 porpoise the Chopper (level 3, -1/28 HPs)
             Began as a Demonspawn Gladiator on Jan 27, 2024.
             Killed from afar by Natasha (4 damage)
             ... with a magic dart
             ... on level 2 of the Dungeon.
             The game lasted 00:03:49 (1496 turns).

porpoise the Chopper (Demonspawn Gladiator)         Turns: 1496, Time: 00:03:50

Health: -1/28      AC:  7    Str: 16    XL:     3   Next: 92%
Magic:  3/3        EV: 11    Int:  9    God:
Gold:   61         SH:  0    Dex: 14    Spells: 2/2 levels left

rFire   . . .        a - +0 war axe
rCold   . . .        (no shield)
rNeg    . . .        o - +0 ring mail
rPois   .            c - +0 helmet
rElec   .            (no cloak)
rCorr   .            (no gloves)
SInv    .            (no boots)
Will    .....        (no amulet)
Stlth   +            (no ring)
HPRegen 0.24/turn    (no ring)
MPRegen 0.08/turn

%: no passive effects
@: slowed, very slow
A: rugged brown scales 1, powered by pain 1
a: no special abilities


You were on level 2 of the Dungeon.
You visited 1 branch of the dungeon, and saw 2 of its levels.

You collected 61 gold pieces.

Inventory:

Hand Weapons
 a - a +0 war axe (weapon)
Missiles
 b - 2 poisoned darts
 d - 3 throwing nets (quivered)
 e - a javelin
Armour
 c - a +0 helmet (worn)
 o - a +0 ring mail (worn)
Magical Staves
 h - a staff of earth
Jewellery
 p - an amulet of faith
Scrolls
 f - a scroll of enchant armour {unknown}
 g - a scroll of teleportation
 i - a scroll of poison {unknown}
 j - 2 scrolls of identify {unknown}
 k - a scroll of magic mapping {unknown}
Potions
 l - a potion of berserk rage {unknown}
 m - 2 potions of heal wounds {unknown}
 n - 2 potions of haste {unknown}


   Skills:
 + Level 2.7 Fighting
 * Level 3.6 Axes
 - Level 1.7 Throwing
 - Level 2.6 Dodging
 + Level 1.5 Stealth


You had 2 spell levels left.
You didn't know any spells.
Your spell library contained the following spells:

 Spells                   Type           Power      Damage    Failure   Level
 Kiss of Death            Conj/Necr      0%         2d5       61%         1
 Slow                     Hex            0%         N/A       61%         1
 Summon Small Mammal      Summ           0%         N/A       61%         1
 Call Canine Familiar     Summ           0%         N/A       93%         3
 Confusing Touch          Hex            0%         N/A       93%         3
 Summon Guardian Golem    Hex/Summ       0%         N/A       93%         3
 Vampiric Draining        Necr           0%         2d6       93%         3
 Dispel Undead            Necr           0%         3d6       100%        4


Dungeon Overview and Level Annotations

Branches:
Dungeon (2/15)

Altars:

Annotations:
D:2 Natasha


Innate Abilities, Weirdness & Mutations

You are partially covered in rugged brown scales. (AC +1, +3% HP)
You sometimes gain a little power by taking damage.


Message History

Natasha is almost dead.
Natasha misses you. Natasha claws you!
You closely miss Natasha.
Natasha is almost dead.
Natasha closely misses you.
You closely miss Natasha.
Natasha is almost dead.
Natasha casts a spell at you.
You feel yourself slow down.
You closely miss Natasha.
Natasha is almost dead.
Natasha claws you but does no damage.
Natasha stares at you and mumbles some strange words.
The magic dart hits you.
You closely miss Natasha.
Natasha is almost dead.
Natasha claws you. Natasha misses you.
You barely miss Natasha.
Natasha is almost dead.
Natasha claws you but does no damage. Natasha claws you!
You hit Natasha but do no damage.
Natasha is almost dead.
Natasha closely misses you. x2
You barely miss Natasha.
Natasha is almost dead.
Natasha completely misses you. Natasha claws you.
* * * LOW HITPOINT WARNING * * *
You closely miss Natasha.
Natasha is almost dead.
Natasha hisses.
Natasha stares at you and mumbles some strange words.
The magic dart hits you but does no damage.
Natasha claws you.
* * * LOW HITPOINT WARNING * * *
You barely miss Natasha.
Natasha is almost dead.
Natasha claws you but does no damage. Natasha casts a spell at you.
The magic dart hits you.
You die...

####......##.#........##......†..
'.........'.<......#.....###.####
####......####.####...######..†..
# ###...........................
# #.#######.####...###........ #
#.# #..###...# #........ #.###
##..##...# #........ ##
#...#######..##### #.(...... .#
###.##....h@....## ####.#### .#
#.##...........# #.....# .#
#.##...........# #.....# .#
#.##...........###.....### .#
#.##............##........ .#
#.##..........#........### .##
#.##..........########..## ..#
#.##..........# #....... ..# #.#
..........# #.####.#


You could see Natasha.

Vanquished Creatures
  Natasha (D:2)
  4 ball pythons (D:1)
  5 bats
  4 endoplasms
  2 giant cockroaches
  4 goblins (D:1)
  7 hobgoblins (D:1)
  2 quokkas
  2 frilled lizards (D:1)
  A kobold (D:1)
  3 rats
35 creatures vanquished.

Notes
Turn   | Place    | Note
-------+----------+-------------------------------------------
     0 | D:1      | porpoise the Demonspawn Gladiator began the quest for the
                  | Orb.
     0 | D:1      | Reached XP level 1. HP: 16/16 MP: 1/1
    63 | D:1      | Found a faded altar of an unknown god.
    79 | D:1      | Reached skill level 3 in Axes
    79 | D:1      | Gained mutation: You sometimes gain a little power by
                  | taking damage. [demonic ancestry]
    79 | D:1      | Reached XP level 2. HP: 17/22 MP: 2/2
   397 | D:1      | Reached skill level 1 in Stealth
   586 | D:1      | Gained mutation: You are partially covered in rugged brown
                  | scales. (AC +1, +3% HP) [demonic ancestry]
   586 | D:1      | Reached XP level 3. HP: 21/28 MP: 3/3
  1222 | D:2      | Noticed Natasha
  1227 | D:2      | Killed Natasha
  1480 | D:2      | Noticed Natasha
  1496 | D:2      | Killed from afar by Natasha

Illustrated notes

Levels and vault maps discovered:
D:1:      dpeg_arrival_renting, layout_basic,
          shapermc_ecumenical_altar_mp_urbaneastern, kennysheep_crisscross,
          minmay_hedge_maze
D:2:      layout_basic, uniq_natasha

Skill      XL: |  1  2 |
---------------+-------+-----
Axes           | 3 |  3.6
Stealth        | 1 |  1.5
Fighting       | |  2.7
Throwing       | |  1.7
Dodging        | |  2.6

Action                     || total
---------------------------++-------
  Melee: War axe           ||    93
    Use: Scroll            ||     1
   Stab: Sleeping          ||     1
         Distracted        ||     1
 Armour: Leather armour    ||    21
         Ring mail         ||    11
  Dodge: Dodged            ||    66
